 Dungeon Crawl Stone Soup version 0.30-a0-802-gb92711bcdf (webtiles) character file.

Game seed: 1238141512749441613

2 Newt the Ducker (level 1, 0/16 HPs)
             Began as a Demonspawn Gladiator on Feb 24, 2023.
             Slain by an adder (2 damage)
             ... on level 2 of the Dungeon.
             The game lasted 00:00:13 (194 turns).

Newt the Ducker (Demonspawn Gladiator)               Turns: 194, Time: 00:00:14

Health: 0/16       AC:  4    Str: 14    XL:     1   Next: 25%
Magic:  1/1        EV: 12    Int:  9    God:
Gold:   15         SH:  0    Dex: 14    Spells: 0/0 levels left

rFire   . . .      SeeInvis .    a - +0 rapier
rCold   . . .      Faith    .    (no shield)
rNeg    . . .      Spirit   .    b - +0 leather armour
rPois   .          Reflect  .    c - +0 helmet
rElec   .          Harm     .    (no cloak)
rCorr   .          Rampage  .    (no gloves)
Will    .....                    (no boots)
Stlth   +                        (no amulet)
HPRegen 0.22/turn                (no ring)
MPRegen 0.07/turn                (no ring)

@: no status effects
A: no striking features
a: no special abilities


You were on level 2 of the Dungeon.
You visited 1 branch of the dungeon, and saw 2 of its levels.

You collected 15 gold pieces.

Inventory:

Hand Weapons
 a - a +0 rapier (weapon)
Missiles
 d - 2 throwing nets (quivered)
 e - a javelin
Armour
 b - a +0 leather armour (worn)
 c - a +0 helmet (worn)


   Skills:
 + Level 2.2 Fighting
 - Level 2.6 Short Blades
 - Level 1.7 Throwing
 - Level 2.6 Dodging


You couldn't memorise any spells.
You didn't know any spells.
Your spell library was empty.

Dungeon Overview and Level Annotations

Branches:
Dungeon (2/15)

Altars:


Message History

You hit the adder.
The adder is lightly wounded.
The adder misses you. The adder bites you but does no damage.
You completely miss the adder.
The adder is lightly wounded.
The adder bites you but does no damage.
You hit the adder.
The adder is lightly wounded.
The adder bites you.
You closely miss the adder.
The adder is lightly wounded.
The adder bites you. x2
You barely miss the adder.
The adder is lightly wounded.
The adder completely misses you.
You closely miss the adder.
The adder is lightly wounded.
The adder closely misses you. The adder bites you.
You barely miss the adder.
The adder is lightly wounded.
The adder closely misses you.
You completely miss the adder.
The adder is lightly wounded.
The adder bites you.
Throw: 3 throwing nets
Press: ? - help, Q - select action, (/) - cycle Shift-Dir - straight line, f - adder
Aim: an adder (lightly wounded, 40% to hit)
You throw a throwing net.
The throwing net closely misses the adder.
The adder bites you.
* * * LOW HITPOINT WARNING * * *
The adder bites you but does no damage.
You closely miss the adder. Your punch misses the adder.
The adder is lightly wounded.
The adder bites you.
* * * LOW HITPOINT WARNING * * *
You hit the adder. Your punch misses the adder.
The adder is heavily wounded.
The adder bites you.
You die...

#..##~~≈≈~######
#.#...#~≈≈~~ #
#.#....~≈≈~# # ##
##.###.~~≈≈~# # ...
......~≈≈~~####### ..
......~≈≈~........
##.##.##.#~≈≈~########
+...S.##.~~≈≈~#
#.##@##.~≈≈~~#
#.......~≈≈~##
####.##.~≈≈~#
#.)..~≈≈~# #..##~≈≈~##
.....##~≈≈~~#
##.#..##~~≈≈~# ..
#..###~≈≈~## .. #..
#~≈≈~~#


You could see an adder.

Vanquished Creatures
  A goblin (D:2)
  A rat (D:2)
2 creatures vanquished.

Notes
Turn   | Place    | Note
-------+----------+-------------------------------------------
     0 | D:1      | Newt the Demonspawn Gladiator began the quest for the Orb.
     0 | D:1      | Reached XP level 1. HP: 16/16 MP: 1/1
    11 | D:1      | You fall into a shaft and drop 1 floor!
   194 | D:2      | Slain by an adder

Illustrated notes

Levels and vault maps discovered:
D:1:      dpeg_arrival_stone_temple_mockup, layout_basic, serial_shops,
          nicolae_shop_hallway_stairs
D:2:      wander_river, layout_basic, dk_noncrumbling_2, grunt_decor_clamped

Action                     || total
---------------------------++-------
  Melee: Rapier            ||    24
         Punch             ||     1
  Throw: Throwing net      ||     1
 Armour: Leather armour    ||     8
  Dodge: Dodged            ||    13

Table legend: (Time is in decaauts)
 A = Elapsed time spent in this place.
 B = Non-inter-level travel time spent in this place.
 C = Inter-level travel time spent in this place.
 D = Time resting spent in this place.
 E = Time spent auto-exploring this place.
 F = Levels seen in this place.
 G = Mean time per level.
                   A        B        C        D        E       F      G
               +--------+--------+--------+--------+--------+-----+--------+
         Total |    214 |    214 |      0 |      0 |    157 |   2 |  107.0 |
       Dungeon |    214 |    214 |      0 |      0 |    157 |   2 |  107.0 |
               +--------+--------+--------+--------+--------+-----+--------+

Top non-repeatable levels by time:
     D:2: 203 daAuts
     D:1: 11 daAuts
